 Dungeon Crawl Stone Soup version 0.31-a0-236-g9a0961fb85 (webtiles) character file.

Game seed: 12045684432045566866

111 qw the Shooter (level 4, -3/26 HPs)
             Began as a Gargoyle Hexslinger on July 10, 2023.
             Slain by an orc priest
             ... wielding a +0 war axe
              (7 damage)
             ... on level 3 of the Dungeon.
             The game lasted 00:00:38 (2000 turns).

qw the Shooter (Gargoyle Hexslinger)                Turns: 2000, Time: 00:00:39

Health: -3/26      AC:  8    Str: 11    XL:     4   Next: 92%
Magic:  1/1        EV: 10    Int: 17    God:
Gold:   73         SH:  5    Dex: 14    Spells: 4/5 levels left

rFire   . . .        Y - +1 sling (antimagic)
rCold   . . .        (no shield)
rNeg    + . .        a - +0 ring mail
rPois   inf          (no helmet)
rElec   +            (no cloak)
rCorr   .            (no gloves)
SInv    .            (no boots)
Will    .....        b - amulet "Atrituof" {Reflect rElec Int+3 SH+5}
Stlth   +            (no ring)
HPRegen 0.24/turn    (no ring)
MPRegen 0.07/turn

%: reflection
@: no status effects
A: sickness immunity, AC +3, negative energy resistance 1, electricity
resistance, torment resistance 1, petrification resistance
a: no special abilities


You were on level 3 of the Dungeon.
You visited 1 branch of the dungeon, and saw 3 of its levels.

You collected 117 gold pieces.
You spent 44 gold pieces at shops.


Innate Abilities, Weirdness & Mutations

You are immune to sickness and miasma.
Your stone body is resilient. (AC +3)
You are immune to poison.
You resist negative energy. (rN+)
You are resistant to electric shocks. (rElec)
You are resistant to unholy torment.
You are immune to petrification.


   Skills:
 - Level 2.0 Fighting
 + Level 4.4 Ranged Weapons
 - Level 1.0 Armour
 - Level 1.5 Dodging
 - Level 1.0 Spellcasting
 - Level 2.6 Hexes


You had 4 spell levels left.
You knew the following spells:

 Your Spells              Type           Power      Damage    Failure   Level
a - Slow                  Hex            36%        N/A       17%         1

Your spell library contained the following spells:

 Spells                   Type           Power      Damage    Failure   Level
 Inner Flame              Hex/Fire       5%         N/A       65%         3
 Portal Projectile        Hex/Tloc       10%        N/A       65%         3
 Cause Fear               Hex            4%         N/A       86%         4

Inventory:

Hand Weapons
 Y - a +1 antimagic sling (weapon)
Armour
 a - a +0 ring mail (worn)
Jewellery
 b - the amulet "Atrituof" (around neck) {Reflect rElec Int+3 SH+5}
   (You found it on level 2 of the Dungeon)

   [amulet of reflection]

   It reflects blocked missile attacks.
   Int:       It affects your intelligence (+3).
   rElec:     It insulates you from electricity.
   SH:        It affects your SH (+5).
Scrolls
 f - a scroll of identify
Potions
 c - a potion of haste

Dungeon Overview and Level Annotations

Branches:
Dungeon (3/15)

Altars:

Shops:
D:1 ?

Annotations:
D:2 1 runed translucent door, Crazy Yiuf


Message History

You shoot a sling bullet. The sling bullet hits the orc.
The orc is heavily wounded.
You shoot a sling bullet. The sling bullet barely misses the orc.
The orc priest looks braver for a moment.
An orc warrior comes into view. It is wielding a +0 scimitar.
You shoot a sling bullet. The orc warrior shouts!
The sling bullet hits the orc.
You kill the orc!
You hear a shout!
The orc priest calls down the wrath of Beogh upon you.
Beogh smites you!
You shoot a sling bullet. The sling bullet hits the hobgoblin.
The hobgoblin is severely wounded.
The orc wizard points at you and mumbles some strange words.
You resist with some effort.
You shoot a sling bullet. The sling bullet hits the hobgoblin!
You kill the hobgoblin!
The orc wizard mumbles some strange words.
The orc wizard flickers and vanishes!
Deactivating autopickup; reactivate with Ctrl-A.
You shoot a sling bullet. The sling bullet hits the goblin.
The goblin is severely wounded.
The goblin barely misses you.
You shoot a sling bullet.
The sling bullet barely misses the orc priest.
You shoot a sling bullet.
The sling bullet closely misses the goblin.
Something hits you but does no damage.
The orc priest hits you with a +0 war axe!
The goblin barely misses you. You block the orc priest's attack.
The goblin hits you but does no damage.
You shoot a sling bullet. The sling bullet hits the goblin.
You kill the goblin!
The orc priest hits you with a +0 war axe.
The orc warrior hits you with a +0 scimitar.
You shoot a sling bullet.
The sling bullet barely misses the orc warrior.
The orc priest hits you with a +0 war axe!
You die...

### . #<# .... #####.#
### .....#)....### ..#
#....)o@.....# #.#
.....<.o####.# ######.#
.....#..####.# #....#.#
.#.........#.###....#.#
.)...#####..........#.##
..###......#............
. +.....##.####..##.....
#.#.#.##.......##..... #
#.#....##.########


You could see an orc warrior and an orc priest.

Vanquished Creatures
  7 adders
  2 worms (D:2)
  A dart slug (D:1)
  2 orcs
  4 bats
  3 endoplasms
  2 giant cockroaches
  5 hobgoblins
  A quokka (D:2)
  3 ball pythons
  2 frilled lizards
  5 goblins
  A kobold (D:2)
  A rat (D:1)
39 creatures vanquished.

Notes
Turn   | Place    | Note
-------+----------+-------------------------------------------
     0 | D:1      | qw the Gargoyle Hexslinger began the quest for the Orb.
     0 | D:1      | Reached XP level 1. HP: 12/12 MP: 2/2
     0 | D:1      | 0 ||| qw: Version: 0.3-a-52-g30416fa
     0 | D:1      | 0 ||| qw: Game counter: 4746
     0 | D:1      | 0 ||| qw: Melee chars always use a shield: true
     0 | D:1      | 0 ||| qw: God list: Okawaru
     0 | D:1      | 0 ||| qw: Allow faded altars: false
     0 | D:1      | 0 ||| qw: Do Orc after clearing Dungeon:15 true
     0 | D:1      | 0 ||| qw: Do second Lair branch before Depths: true
     0 | D:1      | 0 ||| qw: Lair rune preference: random
     0 | D:1      | 0 ||| qw: Goals: Normal
     0 | D:1      | 0 ||| PLANNING D:1-11
    78 | D:1      | 78 ||| SWAPPING to +1 antimagic sling.
    79 | D:1      | 79 ||| DROPPING +1 sling.
   190 | D:1      | Reached XP level 2. HP: 16/16 MP: 1/3
   380 | D:1      | Found Nuohen's Magic Scroll Shop.
   383 | D:1      | 383 ||| SHOPLISTING 3 scrolls of teleportation (99 gold,
                  | have 54).
   383 | D:1      | 383 ||| BUYING scroll of identify (22 gold).
   383 | D:1      | Bought a scroll of identify for 22 gold pieces
   383 | D:1      | 383 ||| BUYING scroll of identify (22 gold).
   383 | D:1      | Bought a scroll of identify for 22 gold pieces
   383 | D:1      | 383 ||| SHOPLISTING scroll of teleportation (33 gold, have
                  | 10).
   624 | D:1      | 624 ||| UPGRADING to +0 leather armour.
   634 | D:1      | 634 ||| DROPPING +0 robe.
   635 | D:1      | 635 ||| READING scroll labelled BISHRE WOINNAUMME.
   636 | D:1      | 636 ||| DROPPING scroll of poison.
   702 | D:2      | Reached skill level 3 in Ranged Weapons
   789 | D:2      | HP: 3/16 [adder (3)]
   794 | D:2      | Reached XP level 3. HP: 5/21 MP: 1/4
   875 | D:2      | Identified the amulet "Atrituof" {Reflect rElec Int+3 SH+5}
   963 | D:2      | HP: 4/21 [hobgoblin (3)]
  1148 | D:2      | Reached XP level 4. HP: 25/26 MP: 1/5
  1294 | D:2      | Found a runed translucent door.
  1295 | D:2      | Noticed Crazy Yiuf
  1463 | D:2      | Reached skill level 4 in Ranged Weapons
  1795 | D:2      | 1795 ||| UPGRADING to +0 ring mail.
  1805 | D:2      | 1805 ||| DROPPING +0 leather armour.
  1806 | D:2      | 1806 ||| UPGRADING to amulet "Atrituof" {Reflect rElec
                  | Int+3 SH+5}.
  1811 | D:2      | 1811 ||| READING scroll labelled MUEL ZIZYASCHIEGE.
  1812 | D:2      | 1812 ||| READING 3 scrolls of identify.
  1812 | D:2      | 1812 ||| IDENTIFYING lumpy white potion
  1813 | D:2      | 1813 ||| READING 2 scrolls of identify.
  1813 | D:2      | 1813 ||| IDENTIFYING fuming amethyst potion
  1814 | D:2      | 1814 ||| DROPPING potion of attraction.
  1967 | D:3      | Reached skill level 1 in Armour
  1992 | D:3      | Noticed an orc warrior
  1999 | D:3      | HP: 4/26 [orc warrior/+0 scimitar (6)]
  2000 | D:3      | Slain by an orc priest

Levels and vault maps discovered:
D:1:      dpeg_arrival_fog, layout_loops_ring, serial_shops,
          nicolae_shop_rolled_up, chequers_garden, minmay_misc_feat_chi
D:2:      wad_crossroads, layout_loops_ring, minmay_fountain_box,
          uniq_crazy_yiuf_cottage
D:3:      layout_basic, ashenzari_conservatory_becter, uniq_sigmund, uniq_robin

Skill      XL: |  1  2  3  4 |
---------------+-------------+-----
Ranged Weapons | 3 4 |  4.4
Fighting       | 2 |  2.0
Armour         | 1 |  1.0
Dodging        | |  1.5
Spellcasting   | |  1.0
Hexes          | |  2.6

Action                     |  1- 3 |  4- 6 || total
---------------------------+-------+-------++-------
   Fire: Sling             |    98 |    69 ||   167
    Use: Scroll            |     1 |     3 ||     4
 Armour: Robe              |     6 |       ||     6
         Leather armour    |    22 |    13 ||    35
         Ring mail         |       |     6 ||     6
  Dodge: Dodged            |    35 |    32 ||    67
  Block: Other             |       |     4 ||     4

Table legend:
 A = Non-vault XP
 B = Vault XP
 C = Vault XP percentage of total XP
 D = Non-vault monster count
 E = Vault monster count
 F = Vault count percentage of total count
                 A         B        C        D         E       F
            +---------+---------+-------+---------+---------+-------
      Total |     136 |      23 |  14.5 |      35 |       4 |  10.3
            +---------+---------+-------+---------+---------+-------
        D:1 |      18 |       0 |   0.0 |      10 |       0 |   0.0
        D:2 |      91 |      23 |  20.2 |      17 |       4 |  19.0
        D:3 |      27 |       0 |   0.0 |       8 |       0 |   0.0
            +---------+---------+-------+---------+---------+-------
